 Dungeon Crawl Stone Soup version 0.30-a0-439-g9e77e4d916 (webtiles) character file.

Game seed: 7898847970917932962

753 themarg the Conjurer (level 7, 0/50 HPs)
             Began as a Yellow Draconian Conjurer on Dec 11, 2022.
             Was a Follower of Vehumet.
             Slain by a killer bee (4 damage)
             ... on level 6 of the Dungeon.
             The game lasted 00:09:55 (5437 turns).

themarg the Conjurer (Yellow Draconian Conjurer)    Turns: 5437, Time: 00:09:56

Health: 0/50       AC:  6    Str:  9    XL:     7   Next: 49%
Magic:  0/14       EV: 12    Int: 21    God:    Vehumet [*.....]
Gold:   257        SH:  0    Dex:  9    Spells: 13/16 levels left

rFire   . . .      SeeInvis .    c - +0 whip
rCold   . . .      Faith    .    (no shield)
rNeg    . . .      Spirit   .    (body armour unavailable)
rPois   .          Reflect  .    (helmet restricted)
rElec   .          Harm     .    (no cloak)
rCorr   +          Rampage  .    (no gloves)
Will    .....                    (no boots)
Stlth   ++........               (no amulet)
HPRegen 0.28/turn                (no ring)
MPRegen 0.14/turn                (no ring)

@: short of breath
A: spit acid, AC +6, unfitting armour, cold-blooded, acid resistance
a: Breathe Acid, Renounce Religion


You were on level 6 of the Dungeon.
You worshipped Vehumet.
Vehumet was aware of your devotion.
You visited 1 branch of the dungeon, and saw 6 of its levels.

You collected 257 gold pieces.

Inventory:

Hand Weapons
 c - a +0 whip (weapon)
 p - the +6 dagger "Koycug" {drain, rPois Int+5}
   (You found it on level 6 of the Dungeon)

   A truly terrible weapon, it drains the life of any living foe it strikes.
   Int:       It affects your intelligence (+5).
   rPois:     It protects you from poison.
Missiles
 d - 13 poisoned darts
 e - 34 stones
 t - 3 boomerangs
Jewellery
 m - a +6 ring of strength
 r - an amulet of regeneration
Wands
 a - a wand of polymorph (7)
 q - a wand of digging (1)
Scrolls
 b - a scroll of vulnerability {unknown}
 f - a scroll of butterflies {unknown}
 g - 2 scrolls of blinking
 j - a scroll of teleportation {unknown}
 n - a scroll of brand weapon {unknown}
 o - a scroll of poison {unknown}
Potions
 h - 2 potions of attraction
 i - a potion of cancellation {unknown}
 k - a potion of might {unknown}
 l - 2 potions of resistance
 s - 2 potions of magic
 u - a potion of degeneration {unknown}


   Skills:
 - Level 1.7 Dodging
 - Level 3.0 Stealth
 - Level 5.0 Spellcasting
 + Level 7.4 Conjurations


You had 13 spell levels left.
You knew the following spells:

 Your Spells              Type           Power      Damage    Failure   Level
a - Magic Dart            Conj           100%       1d8       1%          1
b - Searing Ray           Conj           72%        2d7       1%          2

Your spell library contained the following spells:

 Spells                   Type           Power      Damage    Failure   Level
 Shock                    Conj/Air       80%        1d8       2%          1
 Dazzling Flash           Conj/Hex       40%        N/A       7%          3
 Stone Arrow              Conj/Erth      40%        3d9       7%          3
 Sandblast                Erth           10%        2d5       11%         1
 Ensorcelled Hibernation  Hex/Ice        10%        N/A       16%         2
 Passwall                 Tmut/Erth      4%         N/A       16%         2
 Fulminant Prism          Conj/Hex       10%        3d8       24%         4
 Iskenderun's Mystic Bla  Conj/Tloc      20%        2d6       24%         4
 Swiftness                Air            5%         N/A       32%         3


Dungeon Overview and Level Annotations

Branches:
Dungeon (6/15)
 Temple: D:4-7

Altars:
Ashenzari
Dithmenos
Elyvilon
Fedhas
Gozag
Vehumet
Wu Jian
Yredelemnul
Zin

Shops:
D:4 =   D:5 *

Annotations:
D:2 Terence
D:4 Ijyb


Innate Abilities, Weirdness & Mutations

You can spit globs of acid.
Your golden yellow scales are hard. (AC +6)
You cannot fit into any form of body armour.
You are cold-blooded and may be slowed by cold attacks.
You are resistant to acid. (rCorr)


Message History

Aiming: Polymorph
Press: ? - help, Shift-Dir - straight line, f/p - killer bee
Aim: a killer bee (heavily wounded, will become an acid dragon, a wyvern, or a swamp drake, chance to affect: 57%)
The killer bee resists with significant effort.
You feel sick. The killer bee barely misses you.
The killer bee stings you but does no damage.
Casting: Searing Ray (safe; 1% risk of failure)
Confirm with . or Enter, or press ? or * to list all spells.
Aiming: Searing Ray (safe; 1% risk of failure)
Press: ? - help, Shift-Dir - straight line, f/p - killer bee
Aim: a killer bee (heavily wounded, 61% to hit)
The searing ray hits the killer bee.
The killer bee is almost dead. (Press . to maintain the ray.)
You feel sick.
The killer bee stings you but does no damage.
The killer bee closely misses you.
The searing ray misses the killer bee.
You feel sick.
The killer bee stings you but does no damage.
The killer bee misses you.
You miss the killer bee.
Your tail-slap misses the killer bee.
The killer bee is almost dead.
You feel sick. The killer bee barely misses you.
The killer bee closely misses you.
You miss the killer bee.
The killer bee is almost dead.
You feel sick. The killer bee barely misses you. x2
You closely miss the killer bee.
The killer bee is almost dead.
You feel sick.
You are no longer poisoned.
The killer bee barely misses you. The killer bee stings you.
* * * LOW HITPOINT WARNING * * *
Aiming: Polymorph
Press: ? - help, Shift-Dir - straight line, f/p - killer bee
Aim: a killer bee (severely wounded, will become an acid dragon, a wyvern, or a swamp drake, chance to affect: 57%)
The killer bee resists with significant effort.
The killer bee stings you but does no damage.
The killer bee stings you.
You die...

..# #.# #.# #.# #.#
#.#†# #.#y# #.#@# #.#.#
#.#.# #.#.#
.........###.#.######
..........+............
...........###.#.#####.#
...........# #.#.#
#..........# #.#.#


You could see a killer bee.

Vanquished Creatures
  A necrophage (D:6)
  A scorpion (D:6)
  5 killer bees (D:6)
  An orc priest (D:4)
  2 hounds
  4 jellies
  An orc wizard (D:5)
  7 adders
  A white imp (D:5)
  A dart slug (D:3)
  6 orcs
  10 bats
  16 endoplasms
  6 giant cockroaches
  8 goblins
  7 hobgoblins
  9 kobolds
  9 ball pythons
  3 frilled lizards
  5 rats
103 creatures vanquished.

Vanquished Creatures (others)
  9 fungi (D:4)
  6 plants (D:2)
  6 toadstools (D:4)
21 creatures vanquished.

Grand Total: 124 creatures vanquished

Notes
Turn   | Place    | Note
-------+----------+-------------------------------------------
     0 | D:1      | themarg the Draconian Conjurer began the quest for the Orb.
     0 | D:1      | Reached XP level 1. HP: 14/14 MP: 3/3
   420 | D:1      | Reached XP level 2. HP: 20/20 MP: 1/5
   423 | D:1      | Learned a level 2 spell: Searing Ray
  1143 | D:2      | You fall into a shaft and drop 2 floors!
  1161 | D:4      | Reached XP level 3. HP: 26/26 MP: 3/6
  1193 | D:4      | Found a shadowy altar of Dithmenos.
  1791 | D:3      | Reached XP level 4. HP: 33/33 MP: 4/8
  2209 | D:2      | Noticed Terence
  2546 | D:2      | Found a faded altar of an unknown god.
  3019 | D:3      | Found a blossoming altar of Fedhas.
  3020 | D:3      | Found an ornate altar of the Wu Jian Council.
  3124 | D:3      | Found a glowing silver altar of Zin.
  3181 | D:3      | Found an opulent altar of Gozag.
  3338 | D:4      | Reached skill level 5 in Conjurations
  3338 | D:4      | Reached XP level 5. HP: 21/38 MP: 6/9
  3524 | D:4      | Found a radiant altar of Vehumet.
  3592 | D:4      | Became a worshipper of Vehumet
  4035 | D:4      | Found Homnuan's Jewellery Boutique.
  4157 | D:4      | Found a broken altar of Ashenzari.
  4190 | D:4      | Found a basalt altar of Yredelemnul.
  4238 | D:4      | Reached XP level 6. HP: 45/45 MP: 6/12
  4288 | D:4      | Noticed Ijyb
  4293 | D:5      | Entered Level 5 of the Dungeon
  4439 | D:5      | Found Cest's General Store.
  4675 | D:5      | Reached * piety under Vehumet
  4675 | D:5      | Offered knowledge of Shock by Vehumet.
  4748 | D:5      | Reached skill level 6 in Conjurations
  5156 | D:6      | Identified the +6 dagger "Koycug" {drain, rPois Int+5}
  5328 | D:6      | Found a white marble altar of Elyvilon.
  5337 | D:6      | Your scales start taking on a golden yellow colour.
  5337 | D:6      | Reached XP level 7. HP: 50/50 MP: 6/14
  5337 | D:6      | Gained mutation: You are resistant to acid. (rCorr) [Yellow
                  | Draconian growth]
  5423 | D:6      | Reached skill level 5 in Spellcasting
  5424 | D:6      | Reached skill level 7 in Conjurations
  5437 | D:6      | Slain by a killer bee

Illustrated notes

Levels and vault maps discovered:
D:1:      minmay_arrival_glassed_features, layout_basic
D:2:      layout_basic, dilly_ecumenical_altar_fadedgnrine,
          kennysheep_small_spiral, minmay_split_cup_large, uniq_terence
D:3:      layout_basic, pdpol_temple_overflow_zin_treasury_gozag_greed,
          grunt_temple_overflow_open, st_stairs_11
D:4:      cheibrodos_fertilizer, layout_rooms,
          mainiacjoe_overflow_cross_hatched, mainiacjoe_overflow_catwalk,
          mainiacjoe_overflow_big_doors, marbit_many_paths, serial_shops,
          kennysheep_little_box, uniq_ijyb
D:5:      layout_loops_ring, serial_shops, shop
D:6:      layout_basic, lemuel_doored_altar,
          minmay_temple_entry_drinking_statues, grunt_ministairs_2, minivault_1

Skill      XL: |  1  2  3  4  5  6  7 |
---------------+----------------------+-----
Stealth        | 2 3 |  3.0
Spellcasting   | 3 4 5 |  5.0
Conjurations   | 5 6 7 |  7.4
Dodging        | |  1.7

Action                   |  1- 3 |  4- 6 |  7- 9 || total
-------------------------+-------+-------+-------++-------
Melee: Unarmed           |     7 |       |       ||     7
       Whip              |     4 |    19 |     3 ||    26
 Cast: Magic Dart        |    64 |    68 |       ||   132
       Searing Ray       |     7 |    30 |     4 ||    41
 Abil: Breathe Acid      |       |       |     1 ||     1
Evoke: Wand              |       |       |     2 ||     2
  Use: Potion            |       |     1 |       ||     1
       Scroll            |       |     3 |       ||     3
Armor: Skin              |     8 |    13 |    10 ||    31
Dodge: Dodged            |    21 |    30 |    19 ||    70

Table legend: (Time is in decaauts)
 A = Elapsed time spent in this place.
 B = Non-inter-level travel time spent in this place.
 C = Inter-level travel time spent in this place.
 D = Time resting spent in this place.
 E = Time spent auto-exploring this place.
 F = Levels seen in this place.
 G = Mean time per level.
                   A        B        C        D        E       F      G
               +--------+--------+--------+--------+--------+-----+--------+
         Total |   5437 |   5337 |    100 |    240 |   4476 |   6 |  906.2 |
       Dungeon |   5437 |   5337 |    100 |    240 |   4476 |   6 |  906.2 |
               +--------+--------+--------+--------+--------+-----+--------+

Top non-repeatable levels by time:
     D:4: 1193 daAuts
     D:2: 1065 daAuts
     D:3: 1026 daAuts
     D:1: 1008 daAuts
     D:5: 800 daAuts
     D:6: 343 daAuts
